 Seeded DCSS version 0.31-a0-986-g5e6e4ef867 (webtiles) character file.

Game seed: 9146616140193149993 (custom seed)

63 Psyclone the Conjurer (level 3, -1/19 HPs)
             Began as a Deep Elf Conjurer on Nov 11, 2023.
             Was an Initiate of Gozag.
             Slain by a gnoll
             ... wielding a +0 flail
              (7 damage)
             ... on level 2 of the Dungeon.
             The game lasted 00:03:53 (1663 turns).

Psyclone the Conjurer (Deep Elf Conjurer)           Turns: 1663, Time: 00:03:53

Health: -1/19      AC:  4    Str:  4    XL:     3   Next: 89%
Magic:  7/10       EV: 12    Int: 24    God:    Gozag
Gold:   266        SH:  0    Dex: 13    Spells: 7/10 levels left

rFire   . . .        j - +0 short sword (elec)
rCold   . . .        (no shield)
rNeg    . . .        a - +0 robe
rPois   .            (no helmet)
rElec   .            g - +0 cloak
rCorr   .            l - +0 pair of gloves
SInv    +            (no boots)
Will    .....        (no amulet)
Stlth   ++           m - ring of see invisible
HPRegen 0.23/turn    (no ring)
MPRegen 0.12/turn

%: no passive effects
@: no status effects
A: no striking features
a: Renounce Religion, Potion Petition, Call Merchant, Bribe Branch


You were on level 2 of the Dungeon.
You worshipped Gozag.
Gozag was aware of your devotion.
You visited 1 branch of the dungeon, and saw 2 of its levels.

You collected 266 gold pieces.

Inventory:

Hand Weapons
 j - a +0 short sword of electrocution (weapon)
Armour
 a - a +0 robe (worn)
 g - a +0 cloak (worn)
 l - a +0 pair of gloves (worn)
Magical Staves
 k - a staff of air
Jewellery
 m - a ring of see invisible (left hand)
Scrolls
 c - a scroll of teleportation {unknown}
 d - 2 scrolls of identify {unknown}
 f - 3 scrolls of enchant weapon {unknown}
Potions
 b - a potion of magic
 e - a potion of enlightenment {unknown}
 h - a potion of haste {unknown}
 i - a potion of curing {unknown}


   Skills:
 - Level 2.4 Dodging
 - Level 2.4 Stealth
 + Level 4.1 Spellcasting
 * Level 5.5 Conjurations


You had 7 spell levels left.
You knew the following spells:

 Your Spells              Type           Power      Damage    Failure   Level
a - Magic Dart            Conj           100%       1d8       1%          1
b - Searing Ray           Conj           62%        2d6       1%          2

Your spell library contained the following spells:

 Spells                   Type           Power      Damage    Failure   Level
 Dazzling Flash           Conj/Hex       36%        N/A       9%          3
 Blink                    Tloc           8%         N/A       14%         2
 Ensorcelled Hibernation  Hex/Ice        8%         N/A       14%         2
 Passwall                 Tmut/Erth      3%         N/A       14%         2
 Summon Guardian Golem    Hex/Summ       4%         N/A       28%         3
 Swiftness                Air            4%         N/A       28%         3
 Fulminant Prism          Conj/Hex       9%         3d6       30%         4
 Iskenderun's Mystic Bla  Conj/Tloc      18%        2d6       30%         4
 Manifold Assault         Tloc           4%         N/A       67%         4
 Orb of Destruction       Conj           15%        9d7       100%        7
 Spellforged Servitor     Conj/Summ      9%         N/A       100%        7


Dungeon Overview and Level Annotations

Branches:
Dungeon (2/15) Zot: 10337

Altars:
Gozag

Shops:
D:1 ?[!!?


Message History

Unknown command.
Casting: Magic Dart (safe; 1% risk of failure)
Confirm with . or Enter, or press ? or * to list all spells.
You can't see any susceptible monsters within range! (Use Z to cast anyway.) Unknown command.
Casting: Magic Dart (safe; 1% risk of failure)
Confirm with . or Enter, or press ? or * to list all spells.
You can't see any susceptible monsters within range! (Use Z to cast anyway.) Unknown command.
Found a stone staircase leading up.
You now have 266 gold pieces (gained 5).
You see here a +0 short sword.
MP restored: 10 You see here a +0 short sword. 3 gnolls come into view.
The gnoll shouts! x3; You hear a shout!
A gnoll comes into view. It is wielding a +0 whip.
The gnoll hits you with a +0 flail.
There is a stone staircase leading up here.
You take 6 damage, and have 13/19 hp.
MASSIVE DAMAGE!!
Casting: Magic Dart (safe; 1% risk of failure)
Confirm with . or Enter, or press ? or * to list all spells.
Aiming: Searing Ray (safe; 1% risk of failure)
Press: ? - help, Shift-Dir - straight line, f - gnoll
Aim: a gnoll, wielding a +0 flail (82% to hit)
The searing ray hits the gnoll.
The gnoll is moderately wounded.
The searing ray hits the gnoll!
The gnoll is almost dead.
The searing ray hits the gnoll.
The gnoll is moderately wounded. (Press . to maintain the ray.)
The gnoll hits you with a +0 flail.
The gnoll hits you from afar with a +0 halberd.
You take 7 damage, and have 6/19 hp.
MASSIVE DAMAGE!!
You now have 8/10 mp.
The searing ray misses the gnoll. x2; The searing ray hits the gnoll!
The gnoll is almost dead.
The gnoll hits you with a +0 flail!
You die...
Your body crumbles into a pile of gold. ...>..##### .###.## ##. ## .# #.# ... .. .# #.# #.. . .# #.# #.#.# .# #.# ##.#. .# #.# ggg

.# #.# #g# ##
#.###########@#
#
#.....).......#
#
##.[###########
# #..# # #..# #
#..# # #..#####
# #......#
#.####.##


You could see 4 gnolls.

Vanquished Creatures
  A gnoll (D:1)
  2 adders (D:2)
  A dart slug (D:2)
  An orc (D:2)
  2 ball pythons (D:1)
  5 endoplasms
  2 giant cockroaches
  3 goblins (D:1)
  A hobgoblin (D:1)
  5 bats
  2 frilled lizards
  5 kobolds (D:2)
  2 rats
32 creatures vanquished.

Notes
Turn   | Place    | Note
-------+----------+-------------------------------------------
     0 | D:1      | Psyclone the Deep Elf Conjurer began the quest for the Orb.
     0 | D:1      | Reached XP level 1. HP: 10/10 MP: 6/6
    59 | D:2      | Found a faded altar of an unknown god.
    74 | D:2      | Prayed at the altar of an unknown god.
    74 | D:2      | Became a worshipper of Gozag Ym Sagoz the Greedy
   110 | D:1      | Found Yxash's Magic Scroll Shoppe.
   211 | D:1      | Found Rorchoim's Distillery.
   292 | D:1      | Reached XP level 2. HP: 15/15 MP: 2/8
   346 | D:1      | Learned a level 2 spell: Searing Ray
   363 | D:1      | Found Duvil's Armour Shop.
   367 | D:1      | Reached skill level 5 in Conjurations
   599 | D:1      | Found Tost's Magic Scroll Shop.
   661 | D:1      | Found Foutar Ahot's Distillery.
   694 | D:1      | Reached XP level 3. HP: 18/19 MP: 7/10
  1663 | D:2      | Slain by a gnoll

Illustrated notes

Levels and vault maps discovered:
D:1:      minmay_arrival_five_plusses, layout_basic, serial_shops, shop, shop,
          shop, shop, nicolae_shop_just_a_little_nook
D:2:      layout_loops_ring, shapermc_ecumenical_altar_petra,
          minmay_pentomino_o2

Skill      XL: |  1  2  3 |
---------------+----------+-----
Conjurations   | 5 |  5.5
Spellcasting   | 4 |  4.1
Dodging        | |  2.4
Stealth        | |  2.4

Action                     || total
---------------------------++-------
  Melee: Unarmed           ||    13
   Cast: Magic Dart        ||    59
         Searing Ray       ||     1
 Armour: Robe              ||     9
  Dodge: Dodged            ||     8

Table legend: (Time is in decaauts)
 A = Elapsed time spent in this place.
 B = Non-inter-level travel time spent in this place.
 C = Inter-level travel time spent in this place.
 D = Time resting spent in this place.
 E = Time spent auto-exploring this place.
 F = Levels seen in this place.
 G = Mean time per level.
                   A        B        C        D        E       F      G
               +--------+--------+--------+--------+--------+-----+--------+
         Total |   1662 |   1615 |     47 |     51 |   1294 |   2 |  831.0 |
       Dungeon |   1662 |   1615 |     47 |     51 |   1294 |   2 |  831.0 |
               +--------+--------+--------+--------+--------+-----+--------+

Top non-repeatable levels by time:
     D:1: 893 daAuts
     D:2: 768 daAuts
